 Dungeon Sprint DCSS version 0.13-a0-3133-gec0fa00 (webtiles) character file.

72 Misa the Ruffian (level 4, -22/45 HPs)
             Began as a Troll Monk on Sept 21, 2013.
             Was a Plaything of Xom.
             Annihilated by a hill giant
             ... wielding a +0,+0 great mace
              (23 damage)
             ... in the Dungeon (Sprint IX: "|||||||||||||||||||||||||||||").
             The game lasted 00:02:24 (229 turns).

Misa the Ruffian (Troll Monk)                        Turns: 229, Time: 00:02:24

HP -22/45        AC  5     Str 23      XL: 4   Next:  6%
MP   1/1         EV 11     Int  6      God: Xom
Gold 0           SH  0     Dex 15      Spells:  0 memorised,  3 levels left

Res.Fire  : . . .   See Invis. : .     - Unarmed
Res.Cold  : . . .   Warding    : .   a - +0 robe
Life Prot.: . . .   Conserve   : .   (shield restricted)
Res.Poison: .       Res.Corr.  : .   (helmet restricted)
Res.Elec. : .       Clarity    : .   (no cloak)
Sust.Abil.: . .     Spirit.Shd : .   (gloves unavailable)
Res.Mut.  : .       Prev.Telep.: +   (boots unavailable)
Res.Rott. : .       Flight     : .   (no amulet)
Gourmand  : +                        n - +3 ring of dexterity
                                     m - +3 ring of strength

@: slightly resistant to hostile enchantments, unstealthy
A: unfitting armour, claws 3, fast metabolism 3, gourmand, regeneration 2,
saprovore 2, tough skin 2, AC +1
a: Renounce Religion


You were in the Dungeon.
You worshipped Xom.
You were a toy of Xom.
You were not hungry.

You visited 1 branch

Inventory:

Armour
 a - a +0 robe (worn)
Magical devices
 l - a wand of draining (7)
Comestibles
 b - 2 meat rations
Scrolls
 h - 2 scrolls of blinking
 j - 3 scrolls of remove curse
 k - 2 scrolls of amnesia
Jewellery
 m - a +3 ring of strength (left claw)
 n - a +3 ring of dexterity (right claw)
Potions
 c - 5 potions of curing
 d - 3 potions of heal wounds
 e - a potion of speed
 f - 4 potions of magic
 g - a potion of berserk rage
 i - a potion of invisibility


   Skills:
 + Level 4.0 Fighting
 - Level 2.8 Dodging
 - Level 1.1 Stealth
 + Level 7.7 Unarmed Combat


You had 3 spell levels left.
You didn't know any spells.

Dungeon Overview and Level Annotations

Branches:
Dungeon (1/1)

Altars:
Ashenzari
Cheibriados
Elyvilon
Fedhas
Kikubaaqudgha
Makhleb
Nemelex Xobeh
Okawaru
Sif Muna
Trog
Vehumet
Xom
Yredelemnul
Zin
the Shining One


Innate Abilities, Weirdness & Mutations

You are too large for most types of armour.
You have claws for hands.
Your metabolism is lightning-fast.
You like to eat raw meat.
You heal very quickly.
You can eat rotten meat.
You are covered in fur (AC +1).
You have very tough skin (AC +2).


Message History

You destroy the goblin zombie!
You claw the hill giant!
The hill giant begins to bleed from its wounds!
The hill giant is lightly wounded.
The hill giant hits you with a great mace!
Ouch! That really hurt!
Xom is interested.
You claw the hill giant!
The hill giant is heavily wounded.
You claw the hill giant!
The hill giant is severely wounded.
The hill giant hits you with a great mace!
* * * LOW HITPOINT WARNING * * *
Xom roars with laughter!
You completely miss the hill giant.
The hill giant is severely wounded.
The hill giant hits you with a great mace!
Ouch! That really hurt!
You die...
Xom giggles madly!

#.#
#|#
#)#
#[#
#[#
#[#
#.#
#.#
#@#
#C#
#K#
#H#
#.#
#.#
#.#
#+#


You could see a hill giant (bleeding), a hippogriff and a big kobold.

Vanquished Creatures
  A hound (D)
  An orc wizard (D)
  3 bats (D)
  2 goblins (D)
  A hobgoblin (D)
  A kobold (D)
  2 giant newts (D)
  A goblin zombie (D)
12 creatures vanquished.

Vanquished Creatures (others)
  A fungus (D)
1 creature vanquished.

Grand Total: 13 creatures vanquished

Notes
Turn   | Place    | Note
--------------------------------------------------------------
     0 | D        | Misa, the Troll Monk, began the quest for the Orb.
     0 | D        | Reached XP level 1. HP: 20/20 MP: 0/0
    43 | D        | Noticed a hound
    43 | D        | Noticed an orc wizard
    50 | D        | Killed a hound
    50 | D        | Reached skill level 6 in Unarmed Combat
    50 | D        | Reached XP level 2. HP: 18/28 MP: 0/0
    50 | D        | Reached XP level 3. HP: 23/36 MP: 1/1
    58 | D        | Killed an orc wizard
    58 | D        | Reached skill level 7 in Unarmed Combat
    58 | D        | Reached XP level 4. HP: 3/45 MP: 1/1
   156 | D        | Found a bloodstained altar of Trog.
   156 | D        | Found a white marble altar of Elyvilon.
   156 | D        | Found a burning altar of Makhleb.
   156 | D        | Found a snail-covered altar of Cheibriados.
   156 | D        | Found a sparkling altar of Nemelex Xobeh.
   156 | D        | Found a shattered altar of Ashenzari.
   156 | D        | Found a deep blue altar of Sif Muna.
   157 | D        | Found a basalt altar of Yredelemnul.
   158 | D        | Found a glowing silver altar of Zin.
   159 | D        | Found a shimmering altar of Xom.
   160 | D        | Found an ancient bone altar of Kikubaaqudgha.
   161 | D        | Found an iron altar of Okawaru.
   162 | D        | Found a radiant altar of Vehumet.
   163 | D        | Found a glowing golden altar of the Shining One.
   164 | D        | Found a blossoming altar of Fedhas.
   165 | D        | Found a blossoming altar of Fedhas.
   166 | D        | Found an ancient bone altar of Kikubaaqudgha.
   188 | D        | Became a worshipper of Xom of Chaos
   217 | D        | Noticed a hill giant
   217 | D        | Noticed a big kobold
   217 | D        | Noticed a hippogriff
   228 | D        | HP: 1/45 [hill giant/great mace (21)]
   229 | D        | Annihilated by a hill giant

Action                   |  1- 3 |  4- 6 || total
-------------------------+-------+-------++-------
Melee: Unarmed           |    23 |    18 ||    41
